cohdb
Replays
Latest Replays
All Replays
Popular Replays
Top Player Replays
Match Explorer
How It Works
Community
CoH3 Stats
Reddit
Sign in to upload your games and track your stats! →
Sign in with Steam
Match 46742556
Unlisted
Match 46742556
Overview
Messages
Build Orders
End
Construct Infanterie Kompanie
Kettenkrad Recon Vehicle
MG 42 Machine Gun Team
Selects Breakthrough Battlegroup
Selects Assault Grenadiers
Grenadier Squad
Grenadier Squad
Selects 2.5-tonne Cargo Truck
2.5-tonne Cargo Truck
GrW 34 Mortar Team
Construct Luftwaffe Kompanie
mXp
『👑MayMaya27💕』
CPU_dogshit
Boneless
Geffery
Balzeal
0
0
Comments
sign in to comment!
No comments posted yet!